 Dungeon Crawl Stone Soup version 0.20-a0-9-g62d82d9 (webtiles) character file.

6776 Atenerus the Thaumaturge (level 11, -3/62 HPs)
             Began as a Gargoyle Earth Elementalist on Nov 1, 2016.
             Was a Believer of Vehumet.
             Slain by an eidolon (12 damage)
             ... on level 1 of the Abyss.
             The game lasted 00:43:09 (13557 turns).

Atenerus the Thaumaturge (GrEE)                    Turns: 13557, Time: 00:43:10

Health: -3/62      AC: 15    Str: 20 (21) XL:     11   Next: 4%
Magic:  14/24      EV: 17    Int: 19      God:    Vehumet [**....]
Gold:   540        SH:  6    Dex: 10      Spells: 3 memorised, 19 levels left

rFire  . . .     SeeInvis .     y - +3 whip (elec)
rCold  + . .     Gourm    .     M - +1 ring mail of the Poles {rC+ Str+4 Stlth+}
rNeg   + . .     Faith    .     j - +2 buckler
rPois  ∞         Spirit   .     (no helmet)
rElec  +         Reflect  .     I - +0 cloak
rCorr  .         Harm     .     (no gloves)
MR     .....                    (no boots)
Stlth  ++........               (no amulet)
                                K - +5 ring of evasion
                                u - ring of wizardry

@: mighty, slowed, drained, very slow
A: negative energy resistance 1, electricity resistance, unbreathing,
petrification resistance, rot immunity, AC +7
a: Renounce Religion


You were on level 1 of the Abyss.
You worshipped Vehumet.
Vehumet was pleased with you.
You were not hungry.

You visited 2 branches of the dungeon, and saw 11 of its levels.
You visited the Abyss 1 time.
You also visited: Ossuary.

You collected 540 gold pieces.

Inventory:

Hand Weapons
 s - a +1 flail of crushing
 y - a +3 whip of electrocution (weapon)
 E - a +2 whip of freezing
Missiles
 b - 301 stones (quivered)
 r - 2 throwing nets
Armour
 c - a +1 robe
 j - a +2 buckler (worn)
 I - a +0 cloak (worn)
 M - the +1 ring mail of the Poles (worn) {rC+ Str+4 Stlth+}
   (You found it on level 9 of the Dungeon)

   It affects your strength (+4).
   It protects you from cold.
   It makes you more stealthy.
Magical Staves
 h - an uncursed staff of cold
 L - an uncursed staff of wizardry {unknown}
Jewellery
 l - an uncursed ring of see invisible
 u - a ring of wizardry (left hand)
 F - an uncursed amulet of harm {unknown}
 H - a +4 amulet of reflection {unknown}
 K - a +5 ring of evasion (right hand)
 N - an uncursed amulet of faith {unknown}
Wands
 o - a wand of acid (0/15)
 v - a wand of flame (40/48)
 B - a wand of polymorph (14/24)
Scrolls
 i - a scroll of magic mapping
 w - a scroll of identify
 D - 2 scrolls of remove curse
Potions
 f - a potion of cancellation
 g - 2 potions of lignification
 m - a potion of heal wounds
 n - 5 potions of brilliance
 q - 4 potions of invisibility
 t - a potion of flight
 x - 5 potions of curing
 z - a potion of haste
 A - 2 potions of agility
 C - a potion of mutation
Books
 a - a book of Conjurations

   Spells                             Type                      Level
   a - Magic Dart                     Conjuration                  1
   b - Searing Ray                    Conjuration                  2
   c - Dazzling Spray                 Conjuration/Hexes            3
   d - Fulminant Prism                Conjuration/Hexes            4
   e - Iskenderun's Mystic Blast      Conjuration                  4
   f - Iskenderun's Battlesphere      Conjuration/Charms           5
 e - a book of Geomancy

   Spells                             Type                      Level
   a - Sandblast                      Earth                        1
   b - Passwall                       Transmutation/Earth          2
   c - Stone Arrow                    Conjuration/Earth            3
   d - Petrify                        Transmutation/Earth          4
   e - Lee's Rapid Deconstruction     Earth                        5
 G - a book of Necromancy

   Spells                             Type                      Level
   a - Pain                           Necromancy                   1
   b - Animate Skeleton               Necromancy                   1
   c - Vampiric Draining              Necromancy                   3
   d - Regeneration                   Charms/Necromancy            3
   e - Animate Dead                   Necromancy                   4
   f - Control Undead                 Necromancy                   4
Comestibles
 d - 7 bread rations
 k - 2 meat rations
 J - 7 royal jellies


   Skills:
 + Level 4.4(4.1) Fighting
 + Level 3.4(3.1) Maces & Flails
 + Level 4.3(4.0) Armour
 + Level 4.0(3.7) Dodging
 - Level 2.1(1.9) Stealth
 - Level 4.0(3.7) Shields
 * Level 9.2(8.9) Spellcasting
 + Level 7.2(6.9) Conjurations
   Level 0.7(0.4) Transmutations
 + Level 9.1(8.7) Earth Magic


You had 19 spell levels left.
You knew the following spells:

 Your Spells              Type           Power        Failure   Level  Hunger
a - Sandblast             Erth           #####.       1%          1    None
b - Stone Arrow           Conj/Erth      #####.       1%          3    None
c - Lee's Rapid Deconstr  Erth           #####.....   6%          5    #####..


Dungeon Overview and Level Annotations

Branches:
Dungeon (10/15)            Temple (1/1) D:7            Lair (0/6) D:9
    Orc: D:9-12

Altars:
Ashenzari
Cheibriados
Dithmenos
Elyvilon
Fedhas
Gozag
Hepliaklqana
Kikubaaqudgha
Makhleb
Nemelex Xobeh
Okawaru
Qazlal
Ru
Sif Muna
Trog
Uskayaw
Vehumet
Xom
Yredelemnul
Zin
The Shining One

Shops:
D:4 *   D:9 (!}((

Annotations:
D:10 Erolcha


Innate Abilities, Weirdness & Mutations

You are resistant to torment.
Your stone body is resilient. (AC +7)
You are immune to poison.
You resist negative energy. (rN+)
You are resistant to electric shocks. (rElec)
You can survive without breathing.
You are immune to petrification.
You are immune to rotting.


Message History

The eidolon is moderately damaged.
The eidolon hits you. The eidolon drains your vigour!
You feel as though you will be slow longer.
The eidolon barely misses you. The eidolon stares piercingly at you.
The bolt of negative energy hits you! You partially resist.
You feel drained.
Casting: Stone Arrow
Confirm with . or Enter, or press ? or * to list all spells.
Aiming: Stone Arrow
Press: ? - help, Shift-Dir - straight line, f/p - eidolon
Aim: an eidolon (moderately damaged)
The stone arrow hits the eidolon.
The eidolon is moderately damaged.
The eidolon misses you. You block the eidolon's attack.
You hit the eidolon.
The eidolon is heavily damaged.
The eidolon hits you! x2
* * * LOW HITPOINT WARNING * * *
The eidolon hits you!
You die...

.##.## .. # ##. # #
...# ##
#.######..## .
#.##....... .
#.#####..#.....# ..
.#...... ......#.#
........##.......##
.#..#.............#
.. ......#.@W..# ..
......#.#..##.#.#
#..... #.... ..#
...##.##... # #...
.... .#..##. ###.
###....##. #. ...#.
. .. #


You could see an eidolon.

Vanquished Creatures
  Pikel (D:5)
  The ghost of Anmu the Chopper, a novice DgFi (D:7)
  A queen bee (D:9)
  Prince Ribbit (D:5)
  A wraith (Ossuary)
  2 wyverns
  An orc warrior (D:9)
  Purgy (D:4)
  An ice beast (D:9)
  A sky beast (D:7)
  A black bear (D:9)
  2 phantoms
  6 ogres
  5 centaurs
  Blork the orc (D:6)
  4 bullfrogs
  2 gnoll sergeants (D:6)
  2 scorpions
  A water moccasin skeleton (D:8)
  23 killer bees
  4 wights
  A howler monkey (D:7)
  5 crimson imps
  A quasit (D:9)
  2 centaur zombies
  5 hounds
  2 jellies
  5 orc priests
  3 centaur skeletons
  6 orc wizards
  A bullfrog skeleton (D:7)
  Jessica (D:1)
  A gnoll shaman (D:6)
  2 iguanas
  7 worker ants
  A hound zombie (D:6)
  A mummy (Ossuary)
  12 gnolls
  2 worker ant zombies
  10 adders
  A river rat (D:9)
  2 shadow imps
  An ooze (D:4)
  An adder skeleton (D:5)
  2 worms
  A dart slug (D:1)
  5 leopard geckos
  33 orcs
  17 bats
  3 giant cockroaches
  12 goblins
  20 hobgoblins
  22 jackals
  12 kobolds
  4 quokkas
  4 frilled lizards
  6 gnoll skeletons (Ossuary)
  2 jackal skeletons (D:4)
  9 kobold skeletons (Ossuary)
  9 orc skeletons (Ossuary)
  A quokka skeleton (D:6)
  20 rats
317 creatures vanquished.

Vanquished Creatures (others)
  A slave (D:5)
  5 fungi (D:9)
  7 plants
13 creatures vanquished.

Grand Total: 330 creatures vanquished

Notes
Turn   | Place    | Note
-------+----------+-------------------------------------------
     0 | D:1      | Atenerus the Gargoyle Earth Elementalist began the quest for the Orb.
     0 | D:1      | Reached XP level 1. HP: 10/10 MP: 3/3
   163 | D:1      | Reached XP level 2. HP: 15/15 MP: 1/5
   662 | D:1      | Reached XP level 3. HP: 19/19 MP: 4/6
   667 | D:1      | Learned a level 3 spell: Stone Arrow
   906 | D:2      | Noticed Jessica
   908 | D:2      | Reached XP level 4. HP: 24/24 MP: 1/8
   927 | D:1      | Killed Jessica
   927 | D:1      | Reached skill level 1 in Conjurations
  1243 | D:2      | Reached XP level 5. HP: 25/28 MP: 4/10
  1366 | D:2      | Learned a level 5 spell: Lee's Rapid Deconstruction
  1789 | D:3      | Found a faded altar of an unknown god.
  1874 | D:3      | Found a bloodstained altar of Trog.
  2664 | D:4      | Noticed Purgy
  2672 | D:4      | Killed Purgy
  2672 | D:4      | Reached skill level 5 in Earth Magic
  2672 | D:4      | Reached XP level 6. HP: 27/32 MP: 2/12
  2932 | D:4      | Found Ikathuaz's General Store.
  3152 | D:4      | Noticed a phantom
  3169 | D:4      | Killed a phantom
  3169 | D:4      | Reached skill level 5 in Spellcasting
  3169 | D:4      | Reached XP level 7. HP: 26/36 MP: 14/14
  3953 | D:5      | Entered Level 5 of the Dungeon
  4072 | D:5      | Found an opulent altar of Gozag.
  4332 | D:5      | Found a shadowy altar of Dithmenos.
  4349 | D:5      | Noticed Pikel
  4351 | D:5      | Killed Pikel
  4351 | D:5      | Reached XP level 8. HP: 34/41 MP: 15/18
  4428 | D:5      | Noticed Prince Ribbit
  4454 | D:5      | Killed Prince Ribbit
  4454 | D:5      | Reached skill level 5 in Conjurations
  4954 | D:5      | Reached skill level 1 in Fighting
  4980 | D:5      | Reached skill level 1 in Armour
  4980 | D:5      | Reached XP level 9. HP: 28/47 MP: 20/20
  5387 | D:6      | Reached skill level 1 in Maces & Flails
  5555 | D:6      | Noticed Blork the orc
  5567 | D:6      | Killed Blork the orc
  5681 | D:6      | Reached skill level 1 in Shields
  6319 | D:6      | Found an iron altar of Okawaru.
  6430 | D:6      | Found a blossoming altar of Fedhas.
  6700 | D:6      | HP: 1/48 [ogre/giant club (7)]
  7919 | D:7      | Found a sand-covered staircase.
  7924 | Ossuary  | Entered an ossuary
  8468 | D:7      | Reached XP level 10. HP: 22/55 MP: 15/22
  9029 | D:7      | Noticed Anmu's ghost (novice DgFi)
  9036 | D:7      | Killed Anmu's ghost
  9462 | D:7      | Found a staircase to the Ecumenical Temple.
  9477 | Temple   | Entered the Ecumenical Temple
  9585 | Temple   | Became a worshipper of Vehumet
 11208 | D:9      | Found Dedu's Distillery.
 11217 | D:9      | Found a shattered altar of Ashenzari.
 11369 | D:9      | Found Wydaj's Gadget Shop.
 11389 | D:9      | Found Zaji's Antique Weapon Shop.
 11617 | D:9      | Reached * piety under Vehumet
 11617 | D:9      | Offered knowledge of Freeze by Vehumet.
 12588 | D:9      | Reached ** piety under Vehumet
 12708 | D:9      | Offered knowledge of Sting by Vehumet.
 12741 | D:9      | Found Vuitzyi's Weapon Boutique.
 12822 | D:9      | Reached XP level 11. HP: 56/61 MP: 24/24
 12914 | D:9      | Found a staircase to the Lair.
 13027 | D:9      | Got a scorched ring mail
 13038 | D:9      | Identified the +1 ring mail of the Poles {rC+ Str+4 Stlth+} (You found it on level 9 of the Dungeon)
 13073 | D:9      | Found Leorid's Antique Weapon Emporium.
 13234 | D:10     | Entered Level 10 of the Dungeon
 13511 | D:10     | Noticed Erolcha
 13524 | D:10     | Cast into level 1 of the Abyss (Erolcha)
 13550 | Abyss:1  | Noticed an eidolon
 13557 | Abyss:1  | Slain by an eidolon

Vault maps used:
D:1:      dpeg_arrival_castle
D:2:      first_bread, uniq_jessica
D:3:      ecumenical_altar_1, trog_hazing_becter
D:4:      serial_shops, nicolae_shop_behind_doors, minmay_misc_feat_tower,
          uniq_purgy
D:5:      nicolae_gozag_seed_capital, nicolae_overflow_crystal_walls,
          uniq_pikel, uniq_prince_ribbit1
D:6:      kennysheep_housing_project, nicolae_overflow_hidden_temple,
          okawaru_ov_weapons_minmay, uniq_blork_the_orc
D:7:      nicolae_ossuary_entry_false_entrances, minmay_item_behind_shaft
D:8:      serial_corexii_hall, corexii_hall_statues_x, corexii_hall_statues_t,
          corexii_hall_statues_l, nicolae_two_hexagons
D:9:      grunt_lair_entry_orc_guard_hut, basic_altar, serial_shops, shop, shop,
          shop, kennysheep_little_box, kennysheep_mini_moat, david_nohive_1
D:10:     kennysheep_orc_monster_closet_entryway, uniq_erolcha
Temple:   dpeg_five_rooms_temple
Ossuary:  ossuary_due_mausoleum

Skill      XL: |  1  2  3  4  5  6  7  8  9 10 11 |
---------------+----------------------------------+-----
Earth Magic    | 4 5 6 7 8 9 |  9.1
Spellcasting   | 3 4 5 6 7 8 9 |  9.2
Conjurations   | 1 2 3 4 5 6 7 |  7.2
Fighting       | 1 2 4 |  4.4
Armour         | 1 3 4 |  4.3
Dodging        | 3 4 |  4.0
Maces & Flails | 2 3 |  3.4
Shields        | 2 4 |  4.0
Stealth        | |  2.1
Transmutations | |  0.7

Action                   |  1- 3 |  4- 6 |  7- 9 | 10-12 || total
-------------------------+-------+-------+-------+-------++-------
Melee: Spear             |       |     1 |       |       ||     1
       Flail             |       |   109 |       |       ||   109
       Whip              |       |     9 |   325 |   268 ||   602
       Unarmed           |       |       |    15 |       ||    15
 Cast: Sandblast         |    33 |    48 |     9 |       ||    90
       Stone Arrow       |       |     4 |    42 |    70 ||   116
       Lee's Rapid Decon |       |       |     3 |       ||     3
Evoke: Wand              |       |       |     5 |     4 ||     9
  Use: Scroll            |       |    13 |     8 |     7 ||    28
       Potion            |       |       |     3 |     5 ||     8
 Stab: Sleeping          |       |     1 |     3 |     3 ||     7
       Distracted        |       |       |     1 |     1 ||     2
  Eat: Chunk             |       |     8 |    15 |     8 ||    31
       Royal jelly       |       |       |     1 |     1 ||     2
       Pizza             |       |       |     1 |       ||     1
       Beef jerky        |       |       |     1 |       ||     1
       Fruit             |       |       |       |     5 ||     5
Armor: Robe              |     1 |    59 |   119 |   140 ||   319
       Skin              |       |       |     2 |       ||     2
       Ring mail         |       |       |       |     6 ||     6
Dodge: Dodged            |     6 |   138 |   233 |   295 ||   672
Block: Buckler           |       |       |       |    17 ||    17
